 Dungeon Crawl Stone Soup version 0.30-b1-2-g02819fbbbe (webtiles) character file.

Game seed: 2088876575772421830

472 LLlMATKO the Chopper (level 6, -5/84 HPs)
             Began as a Minotaur Berserker on June 30, 2023.
             Was a Priest of Trog.
             Killed by divine providence
             ... invoked by an orc priest
              (15 damage)
             ... on level 5 of the Dungeon.
             The game lasted 00:03:24 (2939 turns).

LLlMATKO the Chopper (Minotaur Berserker)           Turns: 2939, Time: 00:03:25

Health: -5/84      AC:  9    Str: 24    XL:     6   Next: 83%
Magic:  5/5        EV:  8    Int:  4    God:    Trog [***...]
Gold:   237        SH:  7    Dex:  9    Spells: 5/5 levels left

rFire   . . .        s - +0 war axe
rCold   . . .        j - +0 kite shield
rNeg    . . .        d - +0 chain mail
rPois   .            (helmet restricted)
rElec   .            (no cloak)
rCorr   .            (no gloves)
SInv    .            (no boots)
Will    .....        (no amulet) Stlth
                     b - ring of flight
HPRegen 0.34/turn    (no ring)
MPRegen 0.09/turn

%: no passive effects
@: berserking, flying, very quick
A: horns 2, retaliatory headbutt
a: Renounce Religion, Berserk, Trog's Hand


You were on level 5 of the Dungeon.
You worshipped Trog.
Trog was most pleased with you.
You visited 1 branch of the dungeon, and saw 5 of its levels.

You collected 237 gold pieces.

Inventory:

Hand Weapons
 s - a +0 war axe (weapon)
Missiles
 q - 3 poisoned darts (quivered)
 r - 6 boomerangs
Armour
 d - a +0 chain mail (worn)
 j - a +0 kite shield (worn)
Jewellery
 b - a ring of flight (left hand)
Scrolls
 c - a scroll of torment {unknown}
 f - a scroll of blinking {unknown}
 g - 2 scrolls of noise {unknown}
 h - 3 scrolls of teleportation {unknown}
 i - 2 scrolls of identify {unknown}
 k - 2 scrolls of enchant weapon {unknown}
 o - a scroll of fear {unknown}
 p - a scroll of brand weapon {unknown}
 t - a scroll of enchant armour {unknown}
 v - a scroll of summoning {unknown}
Potions
 a - 2 potions of heal wounds {unknown}
 e - 5 potions of curing {unknown}
 l - 2 potions of magic {unknown}
 m - a potion of degeneration {unknown}
 n - a potion of invisibility {unknown}
 u - a potion of haste {unknown}


   Skills:
 + Level 5.4 Fighting
 + Level 5.4 Axes
 + Level 4.6 Armour
 + Level 4.2 Dodging
 + Level 2.6 Shields


You had 5 spell levels left.
You didn't know any spells.
Your spell library was empty.

Dungeon Overview and Level Annotations

Branches:
Dungeon (5/15)
 Temple: D:4-7

Altars:
Fedhas


Innate Abilities, Weirdness & Mutations

You have a pair of horns on your head.
You reflexively headbutt those who attack you in melee.


Message History

Unknown command.
You bump into the rock wall.
Unknown command.
You barely miss the orc. You headbutt the orc.
The orc is almost dead.
The orc hits you with a +0 club. The orc hits you but does no damage.
Unknown command.
You bump into the rock wall.
The orc hits you but does no damage.
Unknown command.
You bump into the rock wall.
The orc hits you with a +0 club.
The orc priest calls upon Beogh to heal the orc.
The orc is healed somewhat.
Unknown command.
You closely miss the orc.
The orc is lightly wounded.
The orc misses you.
The orc priest begins to cast a cantrip, but forgets the words!
Unknown command.
You bump into the rock wall.
You feel less confused. The orc hits you but does no damage.
Unknown command.
A red film seems to cover your vision as you go berserk!
You feel yourself moving faster!
You feel mighty! You block the orc's attack.
The orc priest mumbles some strange prayers to Beogh against you.
Beogh smites you!
* * * LOW HITPOINT WARNING * * *
You are too injured to fight recklessly!
You slash the orc!
You kill the orc!
Trog accepts your kill.
The orc priest invokes the aid of Beogh against you.
Beogh smites you!
* * * LOW HITPOINT WARNING * * *
You are too injured to fight recklessly!
You slash the orc priest!
The orc priest is severely wounded.
The orc priest invokes the aid of Beogh against you.
Beogh smites you!
You die...

#########
........#
#.....#.######
#.~~~.......<#
..~.~...######.##
~...~....@oo.....
......#.###...#..
.....+..# ..+
.....#### .# ....
# .... ...


You could see 2 orc priests.

Vanquished Creatures
  An ice beast (D:4)
  An orc priest (D:4)
  An iguana (D:4)
  An orc wizard (D:3)
  4 gnolls (D:2)
  10 adders
  An ufetubus (D:4)
  4 worms (D:2)
  5 dart slugs
  15 orcs
  10 endoplasms
  6 giant cockroaches
  9 goblins
  6 hobgoblins
  4 quokkas
  9 ball pythons
  4 bats
  3 frilled lizards
  10 kobolds
  2 rats
106 creatures vanquished.

Vanquished Creatures (others)
  An orc wizard (D:5)
  A giant cockroach (D:3)
  8 plants (D:2)
10 creatures vanquished.

Grand Total: 116 creatures vanquished

Notes
Turn   | Place    | Note
-------+----------+-------------------------------------------
     0 | D:1      | LLlMATKO the Minotaur Berserker began the quest for the
                  | Orb.
     0 | D:1      | Reached XP level 1. HP: 19/19 MP: 0/0
   195 | D:1      | Reached XP level 2. HP: 24/27 MP: 1/1
   528 | D:2      | Reached XP level 3. HP: 21/33 MP: 2/2
   736 | D:2      | HP: 2/49 [gnoll/+0 whip (1)]
   738 | D:2      | Reached XP level 4. HP: 3/41 MP: 3/3
   742 | D:2      | Reached ** piety under Trog
  1184 | D:2      | Reached XP level 5. HP: 39/47 MP: 4/4
  1907 | D:3      | Reached skill level 1 in Shields
  2020 | D:3      | Reached *** piety under Trog
  2343 | D:4      | Reached skill level 5 in Fighting
  2343 | D:4      | Reached skill level 5 in Axes
  2343 | D:4      | Reached XP level 6. HP: 44/56 MP: 5/5
  2488 | D:4      | Found a blossoming altar of Fedhas.
  2672 | D:4      | Noticed an ice beast
  2680 | D:4      | Killed an ice beast
  2902 | D:5      | Entered Level 5 of the Dungeon
  2939 | D:5      | Killed from afar by an orc priest

Illustrated notes

Levels and vault maps discovered:
D:1:      tarquinn_simple_flora_water_b, layout_rooms
D:2:      layout_basic, grunt_ministairs_4, nicolae_grassy_gnolls
D:3:      layout_rooms, nrook_uturn, minmay_misc_feat_room, lemuel_flame_loot_1
D:4:      wander_river, layout_rooms, old_standard_altar
D:5:      layout_basic, lemuel_round_altar, mainiacjoe_overflow_tiny_flanked,
          temple_fountains, nicolae_zen_rock_garden, nicolae_take_the_stairs,
          chequers_serial_rivers_micro_c

Skill      XL: |  1  2  3  4  5  6 |
---------------+-------------------+-----
Fighting       | 4 5 |  5.4
Axes           | 4 5 |  5.4
Armour         | 3 4 |  4.6
Dodging        | 3 4 |  4.2
Shields        | 1 2 |  2.6

Action                     |  1- 3 |  4- 6 || total
---------------------------+-------+-------++-------
  Melee: Hand axe          |    71 |   139 ||   210
         Headbutt          |     7 |    28 ||    35
         War axe           |       |    45 ||    45
 Invoke: Berserk           |     1 |     2 ||     3
 Armour: Chain mail        |    33 |    95 ||   128
         Animal skin       |     1 |       ||     1
  Dodge: Dodged            |    35 |    60 ||    95
  Block: Kite shield       |       |    52 ||    52
